 Dungeon Crawl Stone Soup version 0.29-a0-1027-gcd8c55af63 (webtiles) character file.

Game seed: 13509670741064275053

38 Armakuni the Conjurer (level 3, -2/26 HPs)
             Began as a Meteoran Conjurer on Aug 12, 2022.
             Killed from afar by a dart slug (4 damage)
             ... with a slug dart
             ... on level 2 of the Dungeon on Aug 13, 2022.
             The game lasted 00:02:49 (1015 turns).

Armakuni the Conjurer (Meteoran Conjurer)           Turns: 1015, Time: 00:02:50

Health: -2/26      AC:  2    Str:  8    XL:     3   Next: 91%
Magic:  9/9        EV: 12    Int: 22    God:
Gold:   16         SH:  0    Dex: 12    Spells: 6/9 levels left

rFire   . . .      SeeInvis .   a - +1 whip (elec)
rCold   . . .      Faith    .   (no shield)
rNeg    . . .      Spirit   .   i - +0 robe
rPois   .          Reflect  .   (no helmet)
rElec   .          Harm     .   (no cloak)
rCorr   .          Rampage  .   (no gloves)
Will    .....                   (no boots)
Stlth   +.........              (no amulet)
HPRegen 0.08/turn               (no ring)
MPRegen 0.11/turn               (no ring)

@: glowing
A: sense surroundings 1, otherworldly, glowing, explore regen
a: no special abilities


You were on level 2 of the Dungeon.
You visited 1 branch of the dungeon, and saw 2 of its levels.

You collected 16 gold pieces.

Inventory:

Hand Weapons
 a - a +1 whip of electrocution (weapon)
Armour
 i - a +0 robe (worn)
Jewellery
 c - a ring of flight
Scrolls
 f - 4 scrolls of teleportation {unknown}
 h - a scroll of vulnerability {unknown}
Potions
 b - a potion of magic
 g - a potion of might {unknown}


   Skills:
 - Level 2.4 Dodging
 - Level 1.4 Stealth
 + Level 3.8 Spellcasting
 + Level 5.5 Conjurations


You had 6 spell levels left.
You knew the following spells:

 Your Spells              Type           Power      Damage    Failure   Level
a - Magic Dart            Conj           100%       1d8       1%          1
z - Searing Ray           Conj           56%        2d6       1%          2

Your spell library contained the following spells:

 Spells                   Type           Power      Damage    Failure   Level
 Dazzling Flash           Conj/Hex       32%        N/A       11%         3
 Fulminant Prism          Conj/Hex       8%         3d7       36%         4
 Iskenderun's Mystic Bla  Conj/Tloc      16%        2d5       36%         4
 Malign Gateway           Summ/Tloc      2%         N/A       100%        7
 Summon Horrible Things   Summ           2%         N/A       100%        8


Dungeon Overview and Level Annotations

Branches:
Dungeon (2/15) Zot: 203

Altars:


Innate Abilities, Weirdness & Mutations

You passively map a small area around you.
You are easily found by Zot.
You glow in the dark.
You regain HP and MP as you explore.


Message History

Welcome back, Armakuni the Meteoran Conjurer.
Press ? for a list of commands and other information.
Unknown command.
Found a stone staircase leading down.
An endoplasm comes into view.
Aiming: Searing Ray (safe; 1% risk of failure)
Press: ? - help, Q - select action, (/) - cycle Shift-Dir - straight line, f - dart slug
Aim: a dart slug (100% to hit)
Okay, then.
You hit the dart slug.
The dart slug is lightly wounded.
The endoplasm quivers.
The dart slug launches a dart at you. The slug dart hits you.
You hit the dart slug.
The dart slug is moderately wounded.
The dart slug bites you.
An adder comes into view.
The dart slug launches a dart at you. The slug dart hits you.
The endoplasm jiggles.
The dart slug launches a dart at you. The slug dart hits you.
The dart slug launches a dart at you. The slug dart hits you.
The dart slug launches a dart at you. The slug dart hits you.
The dart slug launches a dart at you. The slug dart hits you.
* * * LOW HITPOINT WARNING * * *
The dart slug launches a dart at you. The slug dart hits you.
* * * LOW HITPOINT WARNING * * *
Unknown command.
The dart slug launches a dart at you. The slug dart hits you.
* * * LOW HITPOINT WARNING * * *
The dart slug launches a dart at you. The slug dart hits you.
You die...

.#<#.. #.# ,#.#.# * .#.#.#
#.#* *#...# *, *
.#.#.#####.#####..########
..........................
, ,
..........................
.#...#####.#####w####..###
+#.### #.# #.# * S# ,
..########.# #.# * ,.
...........# #@# * ,
..########## ### ** ..#
..# , ..# ..# * * ### * *


You could see a dart slug.

Vanquished Creatures
  An adder (D:2)
  A dart slug (D:1)
  A ball python (D:1)
  4 giant cockroaches (D:1)
  4 goblins
  2 hobgoblins (D:1)
  6 kobolds (D:1)
  A quokka (D:2)
  2 bats (D:1)
  2 rats
24 creatures vanquished.

Notes
Turn   | Place    | Note
-------+----------+-------------------------------------------
     0 | D:1      | Armakuni the Meteoran Conjurer began the quest for the Orb.
     0 | D:1      | Reached XP level 1. HP: 14/14 MP: 5/5
   113 | D:1      | Reached skill level 5 in Conjurations
   117 | D:1      | Reached XP level 2. HP: 20/20 MP: 2/7
   169 | D:1      | Learned a level 2 spell: Searing Ray
   277 | D:1      | Reached XP level 3. HP: 24/26 MP: 2/8
  1015 | D:2      | Killed from afar by a dart slug

Illustrated notes

Levels and vault maps discovered:
D:1:      psy_arrival_radial02, layout_rooms, hangedman_decor_opposing,
          corner_web_ring, ebering_dispersal_statue_hall, minmay_tromino_v2
D:2:      layout_basic, serial_curves, eino_curves_01, eino_curves_03,
          st_stairs_4

Skill      XL: |  1 |
---------------+----+-----
Conjurations   | 5 |  5.5
Spellcasting   | 3 |  3.8
Dodging        | |  2.4
Stealth        | |  1.4

Action                   || total
-------------------------++-------
Melee: Whip              ||     2
 Cast: Magic Dart        ||    14
       Searing Ray       ||    15
  Use: Potion            ||     2
Armor: Robe              ||     2
Dodge: Dodged            ||     3

Table legend: (Time is in decaauts)
 A = Elapsed time spent in this place.
 B = Non-inter-level travel time spent in this place.
 C = Inter-level travel time spent in this place.
 D = Time resting spent in this place.
 E = Time spent auto-exploring this place.
 F = Levels seen in this place.
 G = Mean time per level.
                   A        B        C        D        E       F      G
               +--------+--------+--------+--------+--------+-----+--------+
         Total |    995 |    967 |     28 |    190 |    562 |   2 |  497.5 |
       Dungeon |    995 |    967 |     28 |    190 |    562 |   2 |  497.5 |
               +--------+--------+--------+--------+--------+-----+--------+

Top non-repeatable levels by time:
     D:1: 757 daAuts
     D:2: 238 daAuts
